Map: Abiogenesis LE

Players

Ascarecrow - Winner!

  • Race: Zerg Zerg
  • League: Master
  • Spawn Location: 11:00

VOD

Have the link to the VOD?

Description

Time

  • Played on: April 16, 2018, 10:31 p.m.
  • Length: 8:24
Show
View Real Time Build Order
Export as new Build Order

Ascarecrow Zerg - Winner!

Build Orders: Hatch First 

Get SALT Encoding   

  12  0:05  Drone  
  12  0:13  Overlord  
  12  0:17  Drone  
  12  0:32  Drone x2  
  12  0:37  Drone  
  12  0:53  Hatchery  
  12  0:56  Drone  
  12  1:00  Drone  
  12  1:04  Extractor  
  12  1:15  Spawning Pool  
  12  1:18  Drone  
  12  1:22  Drone  
  12  1:31  Drone  
  12  1:42  Drone  
  12  2:01  Drone  
  12  2:02  Hatchery  
  12  2:08  Metabolic Boost  
  12  2:13  Queen  
  12  2:21  Queen  
  12  2:27  Drone  
  12  2:29  Drone  
  12  2:32  Overlord  
  12  2:37  Zergling x4  
  12  2:46  Overlord  
  12  2:51  Queen  
  12  2:53  Drone  
  12  2:58  Drone  
  12  2:59  Drone  
  12  3:01  Drone  
  12  3:04  Drone  
  12  3:06  Drone  
  12  3:11  Drone  
  12  3:23  Drone x6  
  12  3:28  Queen  
  12  3:35  Overlord  
  12  3:36  Drone  
  12  3:37  Drone  
  12  3:41  Spore Crawler  
  12  3:43  Spore Crawler  
  12  3:45  Drone x2  
  12  3:49  Spore Crawler  
  12  3:50  Drone x2  
  12  3:53  Drone  
  12  3:54  Drone  
  12  4:04  Drone x2  
  12  4:06  Drone  
  12  4:07  Overlord x2  
  12  4:09  Drone x3  
  12  4:13  Drone  
  12  4:14  Drone  
  12  4:18  Lair  
  12  4:21  Extractor  
  12  4:24  Overlord  
  12  4:29  Drone x3  
  12  4:32  Roach Warren  
  12  4:35  Extractor, Drone x3  
  12  4:39  Drone x2  
  12  4:40  Evolution Chamber, Drone  
  12  4:41  Drone  
  12  4:46  Zergling x8  
  12  4:55  Queen x2  
  12  5:00  Overlord x2  
  12  5:06  Zerg Missile Weapons Level 1  
  12  5:07  Drone x2  
  12  5:08  Drone x3  
  12  5:14  Overlord  
  12  5:18  Overlord x2  
  12  5:20  Drone x4  
  12  5:21  Drone  
  12  5:24  Glial Reconstitution  
  12  5:29  Hydralisk Den  
  12  5:36  Roach  
  12  5:37  Roach x5  
  12  5:41  Drone  
  12  5:42  Extractor, Drone x3  
  12  5:45  Extractor  
  12  5:47  Extractor  
  12  5:48  Drone x3  
  12  5:54  Drone x3  
  12  5:55  Overlord x2  
  12  6:09  Overlord x3  
  12  6:12  Hatchery  
  12  6:14  Muscular Augments  
  12  6:15  Drone  
  12  6:16  Drone  
  12  6:18  Roach  
  12  6:19  Roach x3  
  12  6:20  Evolution Chamber  
  12  6:37  Roach  
  12  6:38  Roach x8  
  12  6:49  Infestation Pit, Overlord x2  
  12  6:51  Roach  
  12  6:52  Roach x4  
  12  6:56  Drone  
  12  6:57  Drone x4  
  12  7:07  Drone  
  12  7:08  Drone x2  
  12  7:21  Overlord  
  12  7:25  Drone x10  
  12  7:40  Roach  
  12  7:41  Roach x4  
  12  7:42  Lurker Den  
  12  7:47  Extractor  
  12  7:48  Extractor  
  12  7:53  Drone x3  
  12  7:55  Drone x3  
  12  7:58  Spore Crawler  
  12  7:59  Spine Crawler  
  12  8:01  Roach x8, Spine Crawler  
  12  8:02  Spine Crawler  
  12  8:04  Spine Crawler  
  12  8:19  Spire  
Tags
 
Add a new tag
Caveats
  • Supply blocks, unpowered buildings, or Contaminate may cause inaccurate times.
  • Supply counts are checked every 10 seconds.